Map: Port Aleksander LE

Players

liquidthermy (uThermal) - Winner!

  • Race: Terran Terran
  • League: Master
  • Spawn Location: 11:00

Melle

  • Race: Protoss Protoss
  • League: Master
  • Spawn Location: 5:00

Event: DSCL Nationals 2018 - Finals

VOD

Have the link to the VOD?

Description

Time

  • Played on: Dec. 1, 2018, 7:09 a.m.
  • Length: 6:39
Show
View Real Time Build Order
Export as new Build Order

liquidthermy Terran - Winner!

Build Orders: Reaper Expand 

Get SALT Encoding   

  12  0:01  SCV  
  13  0:13  SCV  
  14  0:18  Supply Depot  
  14  0:25  SCV  
  15  0:39  SCV  
  15  0:40  Barracks  
  16  0:44  Refinery  
  16  0:51  SCV  
  17  1:04  SCV  
  18  1:16  SCV  
  19  1:28  Orbital Command, Reaper  
  20  1:46  Command Center  
  20  1:53  Supply Depot  
  20  1:55  SCV  
  20  1:59  Marine  
  22  2:07  SCV  
  23  2:11  Factory  
  23  2:19  SCV  
  23  2:21  Barracks Reactor  
  24  2:30  Bunker  
  24  2:31  SCV  
  25  2:39  Refinery  
  25  2:44  SCV  
  26  2:56  SCV  
  27  2:58  Starport  
  27  2:59  Orbital Command, Marine x2  
  29  3:08  Widow Mine  
  29  3:09  SCV  
  32  3:17  Marine x2  
  33  3:24  SCV  
  33  3:25  SCV  
  35  3:29  Factory Tech Lab  
  35  3:34  Marine  
  35  3:35  Marine, Viking  
  35  3:40  Supply Depot  
  39  3:42  SCV  
  39  3:44  SCV  
  41  3:49  Cyclone  
  41  3:54  Marine x2  
  46  4:02  Mag-Field Accelerator  
  46  4:05  Supply Depot  
  46  4:08  Engineering Bay  
  46  4:12  Marine x2  
  48  4:22  Cyclone  
  50  4:27  Barracks  
  50  4:30  Marine x2, Liberator  
  52  4:39  Missile Turret  
  52  4:48  Marine x2  
  56  5:07  Cyclone  
  56  5:08  Marine x2  
  56  5:10  Supply Depot  
  56  5:11  Supply Depot  
  56  5:12  SCV  
  62  5:29  Orbital Command  
  62  5:31  Marine  
  62  5:34  Viking  
  62  5:35  Marine x2  
  65  5:38  Supply Depot  
  66  5:49  Marine  
  67  5:54  Marine x2  
  69  6:04  Factory Tech Lab  
  69  6:07  Marine  
  70  6:12  Marine  
  70  6:16  Marine  
  72  6:19  SCV x2  
  74  6:28  Missile Turret  
Show
View Real Time Build Order
Export as new Build Order

Melle Protoss 

Build Orders:  

Get SALT Encoding   

  12  0:00  Probe  
  13  0:12  Probe  
  14  0:22  Pylon  
  14  0:25  Probe  
  15  0:39  Probe  
  16  0:43  Gateway  
  16  0:47  Probe  
  16  0:51  Assimilator  
  16  0:55  Probe  
  18  1:06  Probe  
  19  1:18  Probe  
  20  1:26  Pylon  
  20  1:33  Cybernetics Core  
  20  1:34  Zealot  
  20  1:35  Probe  
  23  1:46  Assimilator  
  23  1:47  Probe  
  24  1:59  Probe  
  24  2:00  Stalker  
  25  2:10  Warp Gate  
  27  2:22  Stalker  
  27  2:25  Pylon  
  29  2:44  Stargate  
  29  2:49  Probe  
  32  2:59  Adept  
  32  3:02  Shield Battery  
  32  3:22  Pylon  
  32  3:29  Fleet Beacon  
  32  3:34  Zealot  
  34  3:42  Shield Battery  
  34  3:45  Shield Battery  
  34  3:59  Tempest  
  39  4:17  Shield Battery  
  39  4:23  Shield Battery  
  39  4:31  Shield Battery  
  39  4:32  Pylon  
  39  4:34  Tempest  
  44  5:07  Tempest  
  44  5:20  Probe  
  50  5:32  Shield Battery, Probe  
  50  5:33  Shield Battery  
  50  5:35  Shield Battery  
  46  5:50  Tempest  
  51  6:00  Nexus  
  46  6:14  Stalker  
Tags
 
Add a new tag
Caveats
  • Supply blocks, unpowered buildings, or Contaminate may cause inaccurate times.
  • Supply counts are checked every 10 seconds.